 Dungeon Crawl Stone Soup version 0.23-a0-629-gae4348f (webtiles) character file.

53 Lanoc the Chucker (level 3, 0/33 HPs)
             Began as a Naga Hunter on Dec 25, 2018.
             Succumbed to an adder's poison
             ... on level 2 of the Dungeon.
             The game lasted 00:02:47 (1337 turns).

Lanoc the Chucker (Naga Hunter)                     Turns: 1337, Time: 00:02:47

Health: 0/33       AC:  2    Str: 15    XL:     3   Next: 87%
Magic:  3/3        EV: 12    Int: 11    God:
Gold:   39         SH:  0    Dex: 11    Spells: 2/2 levels left

rFire    . . .     SeeInvis +   a - +0 short sword
rCold    . . .     Gourm    .   (no shield)
rNeg     . . .     Faith    .   b - +0 leather armour
rPois    +         Spirit   .   (no helmet)
rElec    .         Reflect  .   (no cloak)
rCorr    .         Harm     .   (no gloves)
MR       .....                  (no barding)
Stlth    +.........             (no amulet)
HPRegen  0.11/turn              g - +2 ring of evasion
MPRegen  0.08/turn              (no ring)

@: lethally poisoned (0 -> -2), short of breath, hasted, quick
A: large, see invisible, deformed body, poison resistance, slowness 2, slow
metabolism 1, spit poison 1, AC +1
a: Spit Poison


You were on level 2 of the Dungeon.
You were hungry.

You visited 1 branch of the dungeon, and saw 2 of its levels.

You collected 39 gold pieces.

Inventory:

Hand Weapons
 a - a +0 short sword (weapon)
Missiles
 c - 5 javelins (quivered)
 d - 2 throwing nets
 k - 10 poisoned needles
Armour
 b - a +0 leather armour (worn)
Jewellery
 g - a +2 ring of evasion (left hand)
Scrolls
 h - 2 scrolls of teleportation {unknown}
 i - a scroll of remove curse {unknown}
 j - a scroll of amnesia {unknown}
Comestibles
 f - 3 rations


   Skills:
 + Level 2.6 Fighting
 * Level 4.3 Throwing
 + Level 2.1 Dodging
 - Level 1.5 Stealth


You had 2 spell levels left.
You didn't know any spells.
Your spell library was empty.

Dungeon Overview and Level Annotations

Branches:
Dungeon (2/15)

Altars:


Innate Abilities, Weirdness & Mutations

You cannot wear boots.
Your serpentine skin is tough. (AC +1)
You have supernaturally acute eyesight. (SInv)
Armour fits poorly on your strangely shaped body.
Your system is resistant to poisons. (rPois)
You cover ground very slowly.
You have a slow metabolism.
You can spit poison.


Message History

You kill the rat!
You feel sick. The adder misses you. The adder bites you.
* * * LOW HITPOINT WARNING * * *
Press: ? - help, Shift-Dir - straight line, f/p - adder
Aim: an adder (heavily wounded)
The splash of poison misses the adder.
You are feeling hungry.
The adder bites you.
* * * LOW HITPOINT WARNING * * *
You miss the adder.
The adder is heavily wounded.
The adder barely misses you. The adder bites you but does no damage.
It was a potion of haste.
You feel yourself speed up. The adder bites you.
* * * LOW HITPOINT WARNING * * *
You barely miss the adder.
The adder is heavily wounded.
The adder barely misses you.
You hit the adder.
You kill the adder!
You die...

#.. ###.. .#.. ...
#?. #.. #########
#..##.......#
#.(.@.......#
#..##.......# #..
##'#+#### ..#.###.#.#
....>#.....# #...
..#.#.#.# ###
.###.#.#.############
. #.#.#.............
....#############.


There were no monsters in sight!

Vanquished Creatures
  An adder (D:2)
  An ooze (D:1)
  2 dart slugs (D:1)
  A leopard gecko (D:1)
  A giant cockroach (D:1)
  2 goblins (D:1)
  6 hobgoblins (D:1)
  5 jackals (D:1)
  4 kobolds (D:1)
  2 ball pythons (D:1)
  5 bats (D:1)
  2 frilled lizards (D:1)
  3 rats
35 creatures vanquished.

Notes
Turn   | Place    | Note
-------+----------+-------------------------------------------
     0 | D:1      | Lanoc the Naga Hunter began the quest for the Orb.
     0 | D:1      | Reached XP level 1. HP: 19/19 MP: 1/1
   164 | D:1      | Reached XP level 2. HP: 19/26 MP: 2/2
   663 | D:1      | Reached skill level 4 in Throwing
   769 | D:1      | Reached XP level 3. HP: 7/33 MP: 3/3
  1335 | D:2      | HP: 1/33 [adder (3)]
  1337 | D:2      | Succumbed to an adder's poison

Vault maps used:
D:1:      giann_forest_graveyard
D:2:      marbit_many_paths, nrook_loot_triangle

Skill      XL: |  1  2  3 |
---------------+----------+-----
Throwing       | 4 |  4.3
Dodging        | 2 |  2.1
Fighting       | |  2.6
Stealth        | |  1.5

Action                   || total
-------------------------++-------
Melee: Short sword       ||   152
Throw: Javelin           ||     1
 Abil: Spit Poison       ||     9
  Use: Potion            ||     2
 Stab: Sleeping          ||     2
       Invisible         ||     2
  Eat: Chunk             ||     1
Armor: Leather armour    ||    32
Dodge: Dodged            ||   109

Table legend:
 A = Non-vault XP
 B = Vault XP
 C = Vault XP percentage of total XP
 D = Non-vault monster count
 E = Vault monster count
 F = Vault count percentage of total count
                 A         B        C        D         E       F
            +---------+---------+-------+---------+---------+-------
      Total |      76 |       0 |   0.0 |      35 |       0 |   0.0
            +---------+---------+-------+---------+---------+-------
        D:1 |      62 |       0 |   0.0 |      33 |       0 |   0.0
        D:2 |      14 |       0 |   0.0 |       2 |       0 |   0.0
            +---------+---------+-------+---------+---------+-------
